 Dungeon Crawl Stone Soup version 0.29-a0-834-g1e95ca9f62 (webtiles) character file.

Game seed: 3479905524846829718

14 buhh the Insei (level 2, -1/27 HPs)
             Began as an Octopode Transmuter on July 12, 2022.
             Slain by a rat (2 damage)
             ... on level 2 of the Dungeon.
             The game lasted 00:00:41 (1261 turns).

buhh the Insei (Octopode Transmuter)                Turns: 1261, Time: 00:00:42

Health: -1/27      AC: 21    Str:  9    XL:     2   Next: 45%
Magic:  4/5        EV:  2    Int: 15    God:
Gold:   11         SH:  0    Dex: 12    Spells: 4/5 levels left

rFire   . . .      SeeInvis .     - Unarmed
rCold   . . .      Faith    .   (no shield)
rNeg    . . .      Spirit   .   (helmet currently unavailable)
rPois   +          Reflect  .   (no amulet)
rElec   .          Harm     .   (no ring)
rCorr   .          Rampage  .   (no ring)
Will    .....      NoTele   +   (no ring)
Stlth   ++........              (no ring)
HPRegen 0.09/turn               (no ring)
MPRegen 0.09/turn               (no ring)
                                (no ring)
                                (no ring)

@: lethally poisoned (-1 -> -8), tree-form
A: stationary, stasis, torment immunity, boosted hp, almost no armour,
(amphibious), 8 rings, (camouflage 1), (gelatinous body 1), (nimble swimmer 1),
(tentacles)
a: no special abilities


You were on level 2 of the Dungeon.
You were a tree.
You visited 1 branch of the dungeon, and saw 2 of its levels.

You collected 61 gold pieces.
You spent 50 gold pieces at shops.

Inventory:

Missiles
 f - a throwing net
Scrolls
 a - a scroll of identify {!d}
 c - 2 scrolls of teleportation {!d!d}
 d - 3 scrolls of immolation {unknown}
 e - a scroll of blinking {unknown}
 g - 2 scrolls of magic mapping {unknown}
 h - a scroll of enchant armour


   Skills:
 + Level 1.2 Fighting
 + Level 2.1 Dodging
 * Level 1.6 Stealth
 + Level 3.1 Unarmed Combat
 - Level 2.0 Spellcasting
 - Level 2.0 Transmutations
 - Level 1.0 Poison Magic


You had 4 spell levels left.
You knew the following spells:

 Your Spells              Type           Power      Damage    Failure   Level
a - Beastly Appendage     Tmut           14%        N/A       10%         1

Your spell library contained the following spells:

 Spells                   Type           Power      Damage    Failure   Level
 Wereblood                Tmut           7%         N/A       14%         2
 Spider Form              Tmut/Pois      6%         N/A       34%         3
 Tukima's Dance           Hex            1%         N/A       54%         3
 Ice Form                 Ice/Tmut       4%         N/A       82%         4
 Passage of Golubria      Tloc           1%         N/A       91%         4
 Yara's Violent Unravell  Hex/Tmut       2%         3d3       99%         5


Dungeon Overview and Level Annotations

Branches:
Dungeon (2/15) Zot: 10739

Altars:

Shops:
D:2 ?


Innate Abilities, Weirdness & Mutations

You are a tree.
Your roots penetrate the ground, keeping you stationary.
You cannot be teleported.
You are immune to unholy pain and torment.
Your maximum health is greatly increased.
You cannot wear most types of armour.
((You are amphibious.))
You can wear up to eight rings at the same time.
((Your skin changes colour to match your surroundings (Stealth+).))
((Your rubbery body absorbs attacks. (AC +1, EV +1)))
((You are camouflaged when in or above water. (Stealth+)))
((You have tentacles for arms and can constrict up to eight enemies at once.))


Message History

Your transformation is almost over.
An adder and a quokka come into view.
The adder hisses angrily.
The bat closely misses you.
You miss the bat. You grab the bat.
You pierce the bat.
You kill the bat!
An adder, a rat and a dart slug come into view.
The adder hisses angrily.
The adder bites you.
You are poisoned.
The adder poisons you!
You tentacle-slap the adder. Your grab misses the adder.
The adder is moderately wounded.
You feel sick. The adder bites you.
You are lethally poisoned!
The adder poisons you! The adder bites you.
You are too injured to fight recklessly!
You are too injured to fight recklessly!
Okay, then.
It was a potion of cancellation.
Your magical effects are unravelling.
You feel magically purged.
Your tentacle spike disappears.
* * * LOW HITPOINT WARNING * * *
You feel very sick. The adder bites you but does no damage.
The adder barely misses you.
Really quaff the potion of lignification?
You turn into a tree.
Your roots penetrate the ground.
* * * LOW HITPOINT WARNING * * *
You feel sick.
The adder bites you but does no damage. x2
The rat bites you but does no damage. The adder bites you.
* * * LOW HITPOINT WARNING * * *
The adder bites you but does no damage.
You hit the adder. You punch the adder.
The adder is heavily wounded.
* * * LOW HITPOINT WARNING * * *
You feel sick.
The rat twitches its whiskers.
The rat bites you.
You die...

....#+#####.##
............
#.....#...#####
+.....#.#.#>...
#.............
#.........###
#...........###
##..##........##
#..#..###♣....#
#.##.##.SrS.#.#
# #.#..#.)wr..#
# #.#..#.)##(.#
# #.#..#.$ !.# #
##.#..#.. ..# #
#..## ## .## #
#####...# ## #
#.......##


You could see 2 adders, a dart slug, a quokka and a rat.

Vanquished Creatures
  A bat (D:2)
  A giant cockroach (D:1)
  A goblin (D:2)
  4 hobgoblins (D:1)
  3 kobolds (D:1)
  A ball python (D:1)
  A rat (D:1)
12 creatures vanquished.

Notes
Turn   | Place    | Note
-------+----------+-------------------------------------------
     0 | D:1      | buhh the Octopode Transmuter began the quest for the Orb.
     0 | D:1      | Reached XP level 1. HP: 13/13 MP: 3/3
     6 | D:1      | Noticed a komodo dragon
     6 | D:1      | Noticed a tyrant leech
     6 | D:1      | Noticed a ragged hierophant
     7 | D:1      | Noticed a hell rat
     7 | D:1      | Noticed a fire giant
   370 | D:1      | Reached skill level 1 in Stealth
   661 | D:1      | Reached XP level 2. HP: 11/18 MP: 3/5
   802 | D:1      | Reached skill level 1 in Poison Magic
  1145 | D:2      | Found Soskidoz's Magic Scroll Shop.
  1163 | D:2      | Bought a scroll of teleportation for 30 gold pieces
  1163 | D:2      | Bought a scroll of identify for 20 gold pieces
  1261 | D:2      | HP: 1/27 [poisoned by an adder]
  1261 | D:2      | Slain by a rat

Illustrated notes

Levels and vault maps discovered:
D:1:      onia_arrival_zoo_common, layout_loops_ring,
          amcnicky_mini_corridor_feature
D:2:      layout_basic, serial_shops, shop, corexii_shack,
          minmay_randomly_rotated_circles

Skill      XL: |  1  2 |
---------------+-------+-----
Stealth        | 1 |  1.6
Poison Magic   | 1 |  1.0
Fighting       | |  1.2
Dodging        | |  2.1
Unarmed Combat | |  3.1
Spellcasting   | |  2.0
Transmutations | |  2.0

Action                   || total
-------------------------++-------
Melee: Unarmed           ||    25
       Constrict         ||    10
       Kick              ||     7
       Punch             ||     2
       Tentacles         ||     2
 Cast: Beastly Appendage ||    12
  Use: Potion            ||     2
       Scroll            ||     1
 Stab: Sleeping          ||     3
Armor: Skin              ||     6
Dodge: Dodged            ||    12

Table legend: (Time is in decaauts)
 A = Elapsed time spent in this place.
 B = Non-inter-level travel time spent in this place.
 C = Inter-level travel time spent in this place.
 D = Time resting spent in this place.
 E = Time spent auto-exploring this place.
 F = Levels seen in this place.
 G = Mean time per level.
                   A        B        C        D        E       F      G
               +--------+--------+--------+--------+--------+-----+--------+
         Total |   1259 |   1216 |     43 |      0 |   1120 |   2 |  629.5 |
       Dungeon |   1259 |   1216 |     43 |      0 |   1120 |   2 |  629.5 |
               +--------+--------+--------+--------+--------+-----+--------+

Top non-repeatable levels by time:
     D:1: 1112 daAuts
     D:2: 146 daAuts
